 Dungeon Crawl Stone Soup version 0.29.1-13-g9f3cf754e1 (webtiles) character file.

Game seed: 3015872784019012882

35503 GeoRichter the Fencer (level 13, -4/108 HPs)
             Began as a Merfolk Fighter on Jan 24, 2023.
             Was the Champion of Okawaru.
             Slain by a cane toad (20 damage)
             ... while paralysed by a floating eye
             ... on level 5 of the Lair of Beasts.
             The game lasted 00:30:38 (18519 turns).

GeoRichter the Fencer (Merfolk Fighter)            Turns: 18519, Time: 00:30:38

Health: -4/108     AC:  8    Str: 11    XL:     13   Next: 84%
Magic:  19/19      EV:  2    Int:  8    God:    Okawaru [******]
Gold:   310        SH:  0    Dex: 24    Spells: 12/12 levels left

rFire   . . .      SeeInvis .   g - +8 scimitar "Onkeg" {vorpal, rN++ Str-5 Int+3}
rCold   + . .      Faith    .   C - +2 buckler
rNeg    + + .      Spirit   .   G - +0 steam dragon scales
rPois   .          Reflect  .   v - +0 helmet
rElec   +          Harm     .   (no cloak)
rCorr   .          Rampage  .   (no gloves)
Will    .....                   R - +0 pair of boots
Stlth   ++++......              p - amulet of the acrobat
HPRegen 0.28/turn               q - +6 ring of dexterity
MPRegen 0.16/turn               P - ring "Qiffunuu" {rElec rC+ Int-3 Slay+3 Stlth+}

@: paralysed, about to teleport
A: (nimble swimmer 2), mertail
a: Renounce Religion, Heroism, Finesse, Duel


You were on level 5 of the Lair of Beasts.
You worshipped Okawaru.
Okawaru was exalted by your worship.
You visited 3 branches of the dungeon, and saw 16 of its levels.

You collected 935 gold pieces.
You spent 625 gold pieces at shops.

Inventory:

Hand Weapons
 a - a +6 scimitar
   (You took it off a wight on level 8 of the Dungeon)
 f - a +2 vorpal trident
   (You took it off a gnoll sergeant on level 4 of the Dungeon)
 g - the +8 scimitar "Onkeg" (weapon) {vorpal, rN++ Str-5 Int+3}
   (Okawaru gifted it to you on level 10 of the Dungeon)

   It inflicts extra damage upon your enemies.
   Str:       It affects your strength (-5).
   Int:       It affects your intelligence (+3).
   rN:        It greatly protects you from negative energy.
 i - the +12 great sword of Departure {antimagic, rC+ rN+}
   (Okawaru gifted it to you on level 10 of the Dungeon)

   It reduces the magical energy of the wielder, and disrupts the spells and
   magical abilities of those it strikes.
   Natural abilities and divine invocations are not affected.
   rC:        It protects you from cold.
   rN:        It protects you from negative energy.
 m - a +3 dagger
   (You found it on level 2 of the Dungeon)
 L - a +4 rapier of flaming
   (Okawaru gifted it to you on level 4 of the Lair of Beasts)
Missiles
 n - 22 poisoned darts (quivered)
 u - 4 throwing nets {!f}
 D - 4 silver javelins
Armour
 c - the +1 scale mail "Peqim" {rN+ Int+3}
   (You found it on level 8 of the Dungeon)

   Int:       It affects your intelligence (+3).
   rN:        It protects you from negative energy.
 j - a +0 troll leather armour
   (You found it on level 10 of the Dungeon)
 v - a +0 helmet (worn)
   (You found it on level 5 of the Dungeon)
 C - a +2 buckler (worn)
   (You found it on level 7 of the Dungeon)
 G - +0 steam dragon scales (worn)
   (You found it on level 9 of the Dungeon)
 R - a +0 pair of boots (worn)
   (You found it on level 2 of the Lair of Beasts)
 S - the +1 plate armour of Omission {Will+ Str+8}
   (You found it on level 4 of the Lair of Beasts)

   Str:       It affects your strength (+8).
   Will:      It increases your willpower.
Jewellery
 p - an amulet of the acrobat (around neck)
   (You found it on level 3 of the Dungeon)
 q - a +6 ring of dexterity (left hand)
   (You found it on level 3 of the Dungeon)
 w - a +4 ring of evasion
   (You took it off a kobold brigand on level 10 of the Dungeon)
 P - the ring "Qiffunuu" (right hand) {rElec rC+ Int-3 Slay+3 Stlth+}
   (You bought it in a shop on level 3 of the Dungeon)

   [ring of protection from cold]

   Int:       It affects your intelligence (-3).
   Slay:      It affects your accuracy & damage with ranged weapons and melee
   (+3).
   rC:        It protects you from cold.
   rElec:     It insulates you from electricity.
   Stlth:     It makes you more stealthy.
Wands
 d - a wand of iceblast (1)
   (You took it off Ijyb on level 4 of the Dungeon)
 E - a wand of paralysis (7)
   (You found it on level 8 of the Dungeon)
 H - a wand of polymorph (17)
   (You found it on level 10 of the Dungeon)
 J - a wand of digging (3)
   (You found it on level 10 of the Dungeon)
Scrolls
 b - 2 scrolls of silence {unknown}
 e - a scroll of immolation {!r}
 h - 4 scrolls of amnesia
 k - 6 scrolls of vulnerability {!r}
 o - a scroll of magic mapping
 t - a scroll of fog {unknown}
 y - 2 scrolls of enchant armour {unknown}
 K - a scroll of acquirement {unknown}
 M - a scroll of teleportation {@r4}
 O - 6 scrolls of identify {@r1}
 T - a scroll of fear
Potions
 l - a potion of lignification {unknown}
 r - 5 potions of curing {@q1}
 s - 2 potions of ambrosia
 x - a potion of mutation {!q}
 z - a potion of resistance
 A - a potion of berserk rage
 B - a potion of magic {unknown}
 F - 2 potions of heal wounds {@q2}
 I - 2 potions of attraction {!q}
 Q - a potion of flight {unknown}
Miscellaneous
 N - a tin of tremorstones (2/2)
   (You found it on level 1 of the Lair of Beasts)


   Skills:
 * Level 12.2 Fighting
 * Level 15.6 Long Blades
 - Level 4.0 Throwing
 + Level 5.7 Armour
 + Level 12.4 Dodging
 - Level 4.0 Stealth
 - Level 5.0 Shields
 + Level 8.9 Invocations
 - Level 4.0 Evocations


You had 12 spell levels left.
You didn't know any spells.
Your spell library contained the following spells:

 Spells                   Type           Power      Damage    Failure   Level
 Freeze                   Ice            0%         1d3       50%         1
 Magic Dart               Conj           0%         1d3       50%         1
 Ensorcelled Hibernation  Hex/Ice        0%         N/A       63%         2
 Poisonous Vapours        Pois/Air       0%         N/A       63%         2
 Frozen Ramparts          Ice            0%         1d1       86%         3
 Ignite Poison            Fire/Tmut/Pois 0%         N/A       86%         3
 Mephitic Cloud           Conj/Pois/Air  0%         N/A       86%         3
 Spider Form              Tmut/Pois      0%         N/A       86%         3
 Stone Arrow              Conj/Erth      0%         3d7       86%         3
 Anguish                  Hex/Necr       0%         N/A       99%         4
 Corpse Rot               Necr/Pois/Air  0%         N/A       99%         4
 Hailstorm                Conj/Ice       0%         3d3       99%         4
 Blade Hands              Tmut           0%         N/A       100%        5
 Freezing Cloud           Conj/Ice/Air   0%         6-21      100%        5
 Irradiate                Conj/Tmut      0%         3d11      100%        5
 Dragon Form              Tmut           0%         N/A       100%        7
 Lehudib's Crystal Spear  Conj/Erth      0%         10d2      100%        8
 Call Imp                 Summ           Unusable   N/A       N/A         2
 Animate Armour           Summ/Erth      Unusable   N/A       N/A         4

Dungeon Overview and Level Annotations

Branches:
Dungeon (10/15) Zot: 24663  Temple (1/1) D:5 Zot: 5790    Lair (5/5) D:10 Zot: 24349
  Swamp (0/4) Lair:2       Spider (0/4) Lair:3        Slime (0/5) Lair:5
    Orc: D:9-12

Altars:
Ashenzari
Cheibriados
Dithmenos
Elyvilon
Fedhas
Gozag
Hepliaklqana
Kikubaaqudgha
Makhleb
Nemelex Xobeh
Okawaru
Qazlal
Ru
Sif Muna
Trog
Uskayaw
Vehumet
Wu Jian
Xom
Yredelemnul
Zin
The Shining One
Jiyva

Shops:
D:3 =

Annotations:
Lair:1 3 runed translucent doors, vvl's ghost, journeyman DsFi
Lair:4 exclusion: 4 oklob plants


Innate Abilities, Weirdness & Mutations

((You are very nimble when in or above water. (Stealth+, EV+, Speed+++)))
Your lower body shifts to a powerful aquatic tail in water.


Message History

An elephant comes into view.
A dream sheep comes into view.
A dream sheep comes into view.
The wall burns the dream sheep!
The dream sheep moves out of view.
The floating eye gazes piercingly through you!
You suddenly lose the ability to move!
The wall burns the dream sheep!
An elephant comes into view.
The floating eye's view fixates on you.
The wall burns the dream sheep!
The floating eye gazes piercingly through you!
You shrug off the repeated paralysis!
An elephant comes into view.
The elephant tramples you.
You are shoved backwards!
The floating eye's stare focuses on you.
A dream sheep comes into view.
The elephant moves out of view.
You can move again.
The floating eye gazes piercingly through you!
You shrug off the repeated paralysis!
The dream sheep shakes its wool and sparkles.
You feel drowsy...
You fall asleep.
The elephant tramples you!!!
You wake up.
* * * LOW HITPOINT WARNING * * *
You stumble backwards!
The floating eye seems to glare at you.
You hear a croak.
You hear a bellow!
You hear a trumpeting!
You hear a bleat! x2
You hear a trumpeting!
As you read the scroll of teleportation {@r4}, it crumbles to dust.
You feel strangely unstable.
A cane toad comes into view.
The elephant tramples you!
* * * LOW HITPOINT WARNING * * *
You stumble backwards!
Found a giant club.
The floating eye gazes piercingly through you!
You suddenly lose the ability to move!
The elephant tramples you.
* * * LOW HITPOINT WARNING * * *
You hold your ground!
The elephant trunk-slaps you but does no damage.
The elephant barely misses you. The elephant trunk-slaps you.
* * * LOW HITPOINT WARNING * * *
The floating eye's view fixates on you. The cane toad stings you!
* * * LOW HITPOINT WARNING * * *
The elephant tramples you.
* * * LOW HITPOINT WARNING * * *
You hold your ground!
The elephant completely misses you.
A catoblepas comes into view.
The dream sheep bites the plant!
The plant begins to die.
The cane toad stings you!!
You die...

.....#...#...##.#
................. ..
#..........# #.)
#..##....P## .P..
.....#...<.### .....
Y...........#.###.....
...Y.........##.......
...>......#.YY........
..._.....Y..GP@F.#.#.
$...#....P..###Y#
..Y/..#.....# ..
..Y###..#... .# ..
#...#.P.. .. ...#....
.. .. ##.. .


You could see a catoblepas (wandering), 2 elephants, a cane toad, a dream sheep
and a floating eye (charged).

Vanquished Creatures
  A boulder beetle (Lair:3)
  3 hydras
  2 two-headed ogres (D:10)
  8 death yaks
  2 wolf spiders (Lair:3)
  A manticore (D:10)
  6 elephants
  2 black mambas (Lair:4)
  An eye of devastation (Lair:5)
  A gargoyle (D:8)
  3 torpor snails
  9 cane toads
  An unseen horror (D:10)
  2 rime drakes
  8 komodo dragons
  2 hornets
  2 polar bears
  A troll (D:10)
  10 blink frogs
  2 dream sheep (Lair:1)
  2 wraiths (D:10)
  21 yaks
  2 culicivoras (Lair:3)
  3 wyverns
  2 steam dragons (D:9)
  2 acid dragons (D:10)
  2 floating eyes (D:10)
  8 water moccasins
  Duvessa (D:5)
  3 orc warriors
  4 ice beasts
  2 sky beasts (D:6)
  2 ogres
  6 black bears
  25 wolves
  9 centaurs
  3 kobold brigands
  12 bullfrogs
  A scorpion (D:4)
  2 gnoll sergeants
  2 necrophages
  13 wights
  Dowan (D:5)
  2 killer bees (D:10)
  2 vampire bats (Lair:1)
  4 howler monkeys
  8 electric eels
  5 lava snakes (Lair:1)
  3 orc priests
  A gnoll bouda (D:6)
  5 hounds
  Ijyb (D:4)
  An iguana (D:5)
  3 orc wizards
  6 hell rats (Lair:2)
  14 gnolls
  10 adders
  A shadow imp (D:6)
  A white imp (D:3)
  2 ufetubi (D:6)
  3 dart slugs
  28 orcs
  10 ball pythons
  13 bats
  5 endoplasms
  4 giant cockroaches
  7 goblins
  2 hobgoblins (D:3)
  2 quokkas
  5 frilled lizards
  7 kobolds
  6 rats
356 creatures vanquished.

Vanquished Creatures (others)
  An electric eel (Lair:1)
  14 fungi
  17 plants
32 creatures vanquished.

Grand Total: 388 creatures vanquished

Notes
Turn   | Place    | Note
-------+----------+-------------------------------------------
     0 | D:1      | GeoRichter the Merfolk Fighter began the quest for the Orb.
     0 | D:1      | Reached XP level 1. HP: 18/18 MP: 1/1
   367 | D:1      | Reached skill level 3 in Long Blades
   367 | D:1      | Reached XP level 2. HP: 20/24 MP: 2/2
  1149 | D:2      | Reached XP level 3. HP: 22/30 MP: 3/3
  1544 | D:2      | Reached skill level 4 in Long Blades
  2361 | D:3      | Found Eryrob's Jewellery Emporium.
  2409 | D:3      | Reached XP level 4. HP: 37/37 MP: 4/4
  2698 | D:3      | Reached skill level 5 in Long Blades
  2891 | D:3      | Reached XP level 5. HP: 43/43 MP: 5/5
  3534 | D:4      | Noticed Ijyb
  3555 | D:4      | Killed Ijyb
  3556 | D:4      | Reached skill level 6 in Long Blades
  3563 | D:4      | Reached XP level 6. HP: 27/50 MP: 6/6
  3610 | D:4      | Reached skill level 5 in Fighting
  3838 | D:4      | Found a sparkling altar of Nemelex Xobeh.
  4043 | D:4      | Reached skill level 7 in Long Blades
  4043 | D:4      | Reached skill level 1 in Dodging
  4303 | D:4      | Reached XP level 7. HP: 54/56 MP: 7/7
  4375 | D:5      | Entered Level 5 of the Dungeon
  4730 | D:5      | Reached skill level 1 in Evocations
  5148 | D:5      | Reached skill level 8 in Long Blades
  5148 | D:5      | Reached XP level 8. HP: 39/64 MP: 8/8
  5299 | D:5      | Found a staircase to the Ecumenical Temple.
  5336 | Temple   | Entered the Ecumenical Temple
  5528 | Temple   | Became a worshipper of Warmaster Okawaru
  5589 | D:5      | Noticed Dowan
  5604 | D:5      | Killed Dowan
  5631 | D:5      | Noticed Duvessa
  5637 | D:5      | Killed Duvessa
  5996 | D:6      | Reached skill level 9 in Long Blades
  5997 | D:6      | Reached * piety under Okawaru
  5998 | D:6      | Reached skill level 1 in Invocations
  6026 | D:6      | Reached skill level 5 in Dodging
  6424 | D:6      | Reached XP level 9. HP: 50/71 MP: 7/10
  6620 | D:6      | Reached skill level 10 in Long Blades
  6777 | D:6      | Reached ** piety under Okawaru
  7872 | D:7      | Reached skill level 11 in Long Blades
  7936 | D:7      | Noticed a komodo dragon
  7941 | D:7      | Killed a komodo dragon
  8114 | D:7      | Reached XP level 10. HP: 80/80 MP: 12/12
  8359 | D:8      | Reached *** piety under Okawaru
  8448 | D:8      | Identified the +1 scale mail "Peqim" {rN+ Int+3}
  8904 | D:8      | Noticed a gargoyle
  8920 | D:8      | Killed a gargoyle
  8924 | D:8      | Reached skill level 5 in Shields
  9219 | D:8      | Reached skill level 12 in Long Blades
  9454 | D:9      | Paralysed by a hornet for 3 turns
  9720 | D:9      | Reached **** piety under Okawaru
 10360 | D:10     | Entered Level 10 of the Dungeon
 10362 | D:10     | Noticed a death yak
 10367 | D:10     | Noticed a death yak
 10368 | D:10     | Noticed a death yak
 10370 | D:10     | Noticed a death yak
 10371 | D:10     | Noticed a death yak
 10382 | D:9      | Killed a death yak
 10699 | D:10     | Noticed a death yak
 10854 | D:10     | Reached ***** piety under Okawaru
 10859 | D:10     | Noticed a two-headed ogre
 10867 | D:10     | Killed a two-headed ogre
 10868 | D:10     | Reached skill level 13 in Long Blades
 10868 | D:10     | Reached XP level 11. HP: 82/89 MP: 14/14
 11027 | D:10     | Reached skill level 5 in Invocations
 11293 | D:10     | Found a staircase to the Lair.
 11449 | D:10     | Killed a death yak
 11449 | D:10     | Identified the +8 scimitar "Onkeg" {vorpal, rN++ Str-5
                  | Int+3} (Okawaru gifted it to you on level 10 of the
                  | Dungeon)
 11449 | D:10     | Received a gift from Okawaru
 11499 | D:10     | Noticed a manticore
 11508 | D:10     | Killed a death yak
 11511 | D:10     | Killed a death yak
 11516 | D:10     | Killed a manticore
 11522 | D:10     | Killed a death yak
 11523 | D:10     | Reached skill level 14 in Long Blades
 11539 | D:10     | Noticed a two-headed ogre
 11574 | D:10     | Killed a two-headed ogre
 11578 | D:10     | Reached skill level 10 in Dodging
 11582 | D:10     | Identified the +12 great sword of Departure {antimagic, rC+
                  | rN+} (Okawaru gifted it to you on level 10 of the Dungeon)
 11582 | D:10     | Received a gift from Okawaru
 11594 | D:10     | Killed a death yak
 11595 | D:10     | Reached skill level 10 in Fighting
 11600 | D:10     | Reached XP level 12. HP: 21/97 MP: 12/16
 12242 | Lair:1   | Entered Level 1 of the Lair of Beasts
 12248 | Lair:1   | Found a runed translucent gate.
 12248 | Lair:1   | Found a runed translucent gate.
 12248 | Lair:1   | Found a runed translucent gate.
 12252 | Lair:1   | Reached skill level 1 in Throwing
 12289 | Lair:1   | Noticed vvl's ghost (journeyman DsFi)
 12324 | Lair:1   | Noticed a minotaur
 12325 | Lair:1   | Received a gift from Okawaru
 13957 | D:3      | Bought the ring "Qiffunuu" {rElec rC+ Int-3 Slay+3 Stlth+}
                  | for 625 gold pieces
 14596 | Lair:2   | Noticed a seven-headed hydra
 14617 | Lair:2   | Killed an 11-headed hydra
 14618 | Lair:2   | Reached skill level 1 in Stealth
 15589 | Lair:2   | Found a staircase to the Swamp.
 15739 | Lair:2   | Received a gift from Okawaru
 15741 | Lair:2   | Reached skill level 5 in Armour
 15745 | Lair:2   | Reached XP level 13. HP: 98/105 MP: 19/19
 15834 | Lair:3   | Received a gift from Okawaru
 16477 | Lair:3   | Found a hole to the Spider Nest.
 16486 | Lair:3   | Reached skill level 15 in Long Blades
 17016 | Lair:4   | Reached ****** piety under Okawaru
 17338 | Lair:4   | Received a gift from Okawaru
 17541 | Lair:4   | Identified the +1 plate armour of Omission {Will+ Str+8}
 18490 | Lair:5   | Entered Level 5 of the Lair of Beasts
 18490 | Lair:5   | Found a staircase to the Slime Pits.
 18490 | Lair:5   | Found a viscous altar of Jiyva.
 18510 | Lair:5   | Paralysed by a floating eye for 4 turns
 18516 | Lair:5   | Paralysed by a floating eye for 4 turns
 18519 | Lair:5   | Slain by a cane toad

Illustrated notes

Levels and vault maps discovered:
D:1:      dpeg_arrival_shrine, layout_loops_corners
D:2:      layout_basic
D:3:      layout_loops_ring, serial_shops, nicolae_diamond_shop
D:4:      layout_rooms, nemelex_spade_bored_becter, uniq_ijyb
D:5:      layout_rooms, minmay_temple_entry_ruins,
          amcnicky_mini_rare_corridor_liquid, serial_bayou_ford_a, st_stairs_1,
          uniq_duvessa
D:6:      layout_basic, serial_glass, glass_columns_b, glass_columns_b
D:7:      layout_rooms, feat_on_display
D:8:      layout_loops_ring
D:9:      layout_small_grid, minivault_22, nicolae_water_bricks,
          eino_small_chamber_without_monster
D:10:     layout_long_grid, dpeg_lair_monsters, onia_ninara_cookie
Temple:   grunt_wide_crystal_templ
Lair:1:   layout_misc_corridors, maelrawn_ghost_gauntlet_escape,
          roderic_batcave, nicolae_quartered_pool_impasse, st_stairs_6,
          chequers_serial_rivers_micro_c, fungi_pond_lemuel,
          nicolae_lair_liquid_snakes, lemuel_fruit_tree
Lair:2:   layout_cellular_growth, swamp_mist_pool,
          chequers_serial_rivers_micro_b, serial_bayou_pond_b
Lair:3:   layout_big_grid, spider_nest_entry_funnel_web
Lair:4:   minmay_lair_oklob_chamber, layout_cave_pods, grunt_megastairs_2,
          infiniplex_staircase_pool
Lair:5:   evilmike_catoblepas_cave, layout_loops_ring, minmay_slime_entry_eyes

Skill      XL: |  1  2  3  4  5  6  7  8  9 10 11 12 13 |
---------------+----------------------------------------+-----
Long Blades    | 3 4 5 6 7 8 9 11 13 14 15 | 15.6
Fighting       | 4 5 6 7 9 10 12 | 12.2
Dodging        | 1 3 5 6 8 10 11 12 | 12.4
Evocations     | 1 2 3 4 |  4.0
Invocations    | 2 3 4 6 8 |  8.9
Shields        | 4 5 |  5.0
Armour         | 3 5 |  5.7
Throwing       | 4 |  4.0
Stealth        | 2 4 |  4.0

Action                   |  1- 3 |  4- 6 |  7- 9 | 10-12 | 13-15 || total
-------------------------+-------+-------+-------+-------+-------++-------
Melee: Long sword        |   126 |   115 |   311 |    22 |       ||   574
       Scimitar          |       |       |       |   488 |   179 ||   667
Throw: Dart              |       |     4 |    25 |     8 |       ||    37
Invok: Heroism           |       |       |     4 |     8 |     3 ||    15
       Finesse           |       |       |       |     1 |     1 ||     2
Evoke: Wand              |       |     3 |    13 |     7 |     8 ||    31
  Use: Scroll            |       |     3 |     7 |    14 |     1 ||    25
       Potion            |       |     1 |       |     2 |       ||     3
 Stab: Sleeping          |       |       |       |     5 |     3 ||     8
       Distracted        |       |       |       |     1 |     1 ||     2
       Paralysed         |       |       |       |     3 |       ||     3
Armor: Scale mail        |    69 |    26 |    13 |    20 |       ||   128
       Ring mail         |       |       |    69 |     3 |       ||    72
       Steam dragon scal |       |       |       |    50 |    24 ||    74
Dodge: Dodged            |    52 |    55 |   190 |   478 |   152 ||   927
Block: Buckler           |    29 |    34 |    97 |   248 |    78 ||   486
